Map: 파라 사이트 - 래더

Players

Zest

  • Race: Protoss Protoss
  • League: Master
  • Spawn Location: 5:00

soO - Winner!

  • Race: Zerg Zerg
  • Spawn Location: 11:00

Event: IEM Season 13 - Katowice Server Qualifiers America

VOD

Have the link to the VOD?

Description

Time

  • Played on: Jan. 6, 2019, 5:26 p.m.
  • Length: 26:23

All games in this series

Show
View Real Time Build Order
Export as new Build Order

Zest Protoss 

Build Orders: 1 Gate Expand, Oracle Opening, Phoenix Opening, Mass Phoenix 

Get SALT Encoding   

  12  0:00  Probe  
  13  0:12  Probe  
  14  0:17  Pylon  
  14  0:24  Probe  
  15  0:32  Probe  
  15  0:37  Gateway  
  15  0:40  Probe  
  16  0:46  Assimilator  
  17  0:51  Probe  
  18  1:03  Probe  
  19  1:15  Probe  
  20  1:24  Nexus  
  20  1:33  Cybernetics Core  
  20  1:38  Probe  
  21  1:43  Assimilator  
  21  1:50  Probe  
  21  1:52  Pylon  
  22  2:01  Adept  
  22  2:02  Probe  
  23  2:14  Stargate  
  23  2:15  Probe  
  26  2:23  Warp Gate  
  26  2:27  Probe, Adept  
  29  2:32  Probe  
  30  2:39  Probe  
  30  2:40  Probe  
  31  2:50  Probe  
  31  2:51  Probe, Phoenix  
  34  3:03  Probe x2  
  34  3:04  Oracle  
  38  3:08  Pylon  
  38  3:15  Probe x2  
  43  3:22  Assimilator  
  43  3:25  Gateway  
  44  3:27  Probe  
  44  3:29  Assimilator  
  44  3:31  Probe  
  45  3:39  Probe  
  46  3:42  Stargate  
  46  3:43  Probe  
  47  3:49  Pylon  
  47  3:51  Probe  
  49  3:55  Probe, Pylon  
  49  3:57  Phoenix  
  51  4:03  Probe  
  51  4:07  Probe  
  53  4:20  Probe x2, Phoenix x2  
  59  4:36  Probe x2, Pylon  
  61  4:38  Zealot  
  61  4:39  Zealot  
  61  4:41  Phoenix  
  61  4:42  Phoenix  
  69  4:57  Nexus  
  69  5:06  Phoenix  
  69  5:07  Phoenix  
  73  5:10  Pylon  
  73  5:12  Pylon  
  73  5:16  Probe x2  
  73  5:21  Adept  
  73  5:22  Adept  
  73  5:39  Probe  
  74  5:43  Probe  
  74  5:45  Zealot x2  
  79  5:50  Nexus  
  79  5:51  Probe  
  79  5:55  Robotics Facility  
  79  5:56  Robotics Facility, Twilight Council  
  80  5:57  Forge  
  80  5:58  Probe  
  80  6:01  Shield Battery  
  81  6:07  Zealot x2  
  79  6:13  Pylon  
  79  6:15  Probe  
  80  6:20  Probe  
  81  6:27  Sentry  
  81  6:29  Sentry  
  81  6:30  Protoss Ground Weapons Level 1  
  81  6:32  Probe x2, Shield Battery  
  87  6:35  Charge  
  87  6:44  Observer x2  
  89  6:50  Templar Archives  
  89  6:52  Gateway  
  89  6:53  Gateway  
  89  6:54  Gateway  
  89  6:55  Assimilator  
  89  7:00  Assimilator  
  89  7:06  Immortal  
  82  7:09  Zealot x2  
  82  7:12  Probe x3  
  92  7:24  Probe x3, Photon Cannon  
  95  7:36  Probe x2, Zealot  
  99  7:37  Sentry  
  99  7:39  Probe  
  99  7:42  Photon Cannon  
  102  7:46  Psionic Storm  
  102  7:48  Probe  
  103  7:57  High Templar  
  103  7:58  Probe  
  106  7:59  Pylon  
  106  8:03  High Templar, Photon Cannon  
  108  8:05  Probe  
  109  8:13  Photon Cannon  
  109  8:17  Probe  
  114  8:21  Pylon  
  114  8:27  Photon Cannon  
  114  8:28  Nexus  
  114  8:30  Void Ray x2  
  114  8:33  Pylon  
  114  8:34  Zealot  
  116  8:45  Protoss Ground Weapons Level 2, Stalker x2  
  124  8:50  Photon Cannon  
  124  8:58  Blink  
  124  8:59  Photon Cannon  
  124  9:03  Void Ray  
  124  9:04  Void Ray, Photon Cannon x2  
  132  9:18  Protoss Air Weapons Level 1  
  130  9:40  Immortal  
  130  9:41  Immortal  
  130  9:44  High Templar x4  
  130  9:45  Zealot  
  148  9:59  Pylon  
  148  10:00  Pylon  
  148  10:01  Pylon  
  148  10:02  Pylon  
  148  10:03  Assimilator, Shield Battery  
  148  10:04  Shield Battery  
  148  10:06  Assimilator  
  148  10:08  Void Ray x2  
  156  10:30  Gateway  
  156  10:31  Gateway x2  
  156  10:32  Gateway  
  156  10:34  Probe x3  
  156  10:35  Photon Cannon  
  158  10:38  High Templar x4, Photon Cannon  
  166  10:46  Fleet Beacon  
  166  10:47  Protoss Shields Level 1  
  167  10:50  Probe x4  
  170  11:01  Stargate  
  170  11:02  Stargate  
  170  11:11  Zealot x4  
  178  11:20  Protoss Air Weapons Level 2  
  177  11:28  High Templar  
  177  11:32  High Templar  
  179  11:37  Pylon  
  179  11:39  Pylon  
  179  11:40  Archon, Pylon  
  179  11:52  Dark Shrine  
  179  11:53  Tempest x3  
  179  11:54  Cybernetics Core  
  179  11:55  Tempest, Photon Cannon  
  199  12:10  Nexus  
  199  12:12  Gateway, Pylon  
  199  12:13  Photon Cannon  
  199  12:17  Observer  
  199  12:27  Pylon  
  199  12:31  Protoss Air Armor Level 1  
  199  12:36  Assimilator  
  199  12:40  Assimilator  
  197  12:58  Oracle, Void Ray  
  197  12:59  Protoss Ground Weapons Level 3  
  197  13:03  Mothership  
  179  13:06  Tempest x2  
  192  13:54  Photon Cannon  
  192  13:55  Photon Cannon  
  192  13:57  Photon Cannon  
  192  13:59  Photon Cannon  
  192  14:01  Photon Cannon  
  192  14:07  Protoss Air Weapons Level 3  
  191  14:16  Void Ray x2  
  199  14:25  Void Ray x2  
  183  14:32  Probe  
  192  14:39  Probe x3  
  192  14:40  Pylon  
  192  14:42  Warp Prism, Dark Templar  
  192  14:44  Dark Templar  
  199  14:51  Protoss Air Armor Level 2  
  194  16:07  Oracle  
  192  16:23  Tempest  
  192  16:25  Oracle  
  196  16:34  Zealot x2  
  183  16:43  Void Ray  
  183  16:44  Void Ray  
  140  16:49  Mothership  
  128  17:02  Probe, Dark Templar  
  128  17:03  Probe x3  
  128  17:06  Void Ray  
  128  17:07  Zealot x9  
  152  17:11  Void Ray  
  152  17:14  Protoss Shields Level 2  
  156  17:18  Void Ray  
  161  17:39  Void Ray  
  161  17:45  Void Ray  
  143  17:52  Void Ray  
  149  18:01  Carrier  
  155  18:08  High Templar x10  
  171  18:14  Archon x5  
  142  18:37  Void Ray  
  142  18:38  Void Ray x2  
  119  18:55  Carrier  
  119  19:00  Zealot  
  119  19:01  Zealot x4  
  129  19:03  Nexus  
  135  19:14  Void Ray  
  135  19:15  High Templar x2  
  135  19:16  High Templar  
  141  19:21  Pylon  
  145  19:25  Archon  
  145  19:28  Observer  
  145  19:29  High Templar  
  145  19:30  Sentry, High Templar x2  
  145  19:31  Zealot  
  155  19:33  Archon  
  155  19:38  Archon  
  156  19:49  Zealot x2  
  156  19:50  Observer  
  156  19:51  Photon Cannon  
  161  19:55  Void Ray  
  165  20:02  Photon Cannon  
  165  20:04  Photon Cannon  
  164  20:08  Zealot x6  
  166  20:37  Dark Templar  
  166  20:38  Dark Templar, Zealot x4  
  166  20:39  Zealot x2  
  166  20:41  Tempest  
  187  20:47  Warp Prism  
  187  20:57  Assimilator  
  187  20:58  Assimilator  
  189  21:11  High Templar x2  
  189  21:12  Zealot x3  
  197  21:18  Archon  
  197  21:19  Observer  
  190  21:34  Observer  
  178  21:42  High Templar x2  
  178  21:43  Zealot x4  
  178  21:45  Nexus, Zealot x2  
  178  21:46  Pylon  
  187  21:50  Void Ray x2  
  187  21:52  Archon  
  193  22:15  Oracle  
  189  22:19  Zealot  
  192  22:30  Zealot  
  194  22:38  Assimilator  
  194  22:41  High Templar x2  
  194  22:42  Assimilator  
  198  22:45  Archon  
  175  23:09  Probe x2  
  171  23:13  Dark Templar  
  171  23:17  Zealot x4  
  171  23:18  Zealot x3  
  187  23:20  Probe  
  187  23:21  Probe x2  
  187  23:25  Probe  
  192  23:27  Probe  
  192  23:32  Void Ray x2  
  199  23:52  Nexus  
  199  23:58  Observer  
  198  24:13  Observer  
  185  24:55  Dark Templar x4  
  185  24:56  Zealot x3  
  199  25:00  Archon x2  
Show
View Real Time Build Order
Export as new Build Order

soO Zerg - Winner!

Build Orders: Hatch First, Brood Lord Corruptor 

Get SALT Encoding   

  12  0:00  Drone  
  13  0:12  Overlord  
  13  0:17  Drone  
  14  0:30  Drone x2  
  14  0:34  Drone  
  17  0:50  Hatchery  
  17  0:54  Drone  
  17  0:57  Drone  
  18  1:08  Extractor  
  17  1:12  Spawning Pool  
  17  1:14  Drone  
  17  1:17  Drone  
  18  1:30  Drone  
  19  1:41  Drone  
  20  1:52  Overlord  
  20  1:58  Queen  
  22  2:03  Queen  
  22  2:04  Zergling x2  
  22  2:05  Zergling x2  
  22  2:08  Metabolic Boost  
  26  2:13  Drone x2  
  28  2:21  Drone  
  29  2:24  Drone  
  30  2:37  Drone  
  30  2:40  Hatchery, Drone  
  31  2:46  Queen  
  33  2:51  Overlord  
  33  2:55  Drone  
  33  2:58  Drone  
  35  3:00  Drone  
  36  3:10  Drone x2  
  36  3:12  Drone x3  
  41  3:19  Overlord  
  41  3:22  Queen, Drone  
  44  3:28  Overlord  
  44  3:33  Evolution Chamber  
  44  3:34  Drone  
  44  3:42  Overlord  
  44  3:48  Drone  
  44  3:49  Drone x2  
  44  3:52  Spore Crawler  
  44  3:54  Queen, Drone x3  
  44  3:55  Drone  
  52  3:59  Zerg Melee Weapons Level 1  
  52  4:03  Drone  
  53  4:12  Spore Crawler  
  53  4:16  Drone  
  52  4:17  Spore Crawler  
  52  4:18  Zergling x2  
  52  4:19  Zergling x8  
  57  4:24  Zergling x6  
  57  4:26  Drone  
  57  4:28  Drone  
  57  4:30  Drone x2  
  64  4:31  Drone  
  64  4:35  Overlord  
  65  4:39  Overlord  
  65  4:45  Drone  
  65  4:48  Extractor  
  65  4:49  Extractor  
  65  4:50  Baneling Nest  
  65  4:52  Zergling x6  
  66  4:54  Drone x3  
  66  4:55  Drone  
  66  4:57  Drone  
  70  5:01  Lair, Drone  
  70  5:04  Spore Crawler  
  70  5:05  Zergling x8  
  74  5:07  Drone  
  74  5:08  Drone  
  75  5:19  Zergling x8  
  76  5:22  Queen  
  76  5:23  Queen  
  76  5:27  Zergling x2  
  76  5:28  Zergling x4  
  81  5:31  Overlord  
  81  5:32  Overlord  
  80  5:37  Overlord  
  80  5:40  Overlord  
  80  5:41  Spore Crawler  
  80  5:42  Overlord  
  78  5:48  Overlord  
  75  5:51  Drone x5  
  75  5:53  Drone x3  
  83  6:02  Spore Crawler  
  82  6:06  Zergling x4  
  82  6:07  Zergling x4  
  81  6:12  Zergling x2  
  81  6:14  Zergling x2  
  81  6:15  Spore Crawler, Spire  
  78  6:19  Overlord  
  78  6:21  Overlord  
  76  6:27  Zergling x2  
  76  6:28  Zergling x14  
  85  6:32  Drone  
  85  6:33  Drone  
  85  6:38  Baneling x7  
  86  6:46  Drone x7  
  93  6:49  Extractor  
  93  6:51  Drone  
  93  6:52  Drone x2  
  93  6:53  Extractor  
  94  6:59  Overlord  
  94  7:00  Overlord  
  83  7:11  Zergling x2  
  83  7:13  Zergling x2  
  83  7:14  Overlord  
  79  7:17  Overlord  
  79  7:18  Zergling x6  
  79  7:22  Zergling x4  
  78  7:35  Drone x2  
  78  7:36  Hatchery, Drone x4  
  83  7:46  Zerg Flyer Weapons Level 1  
  83  7:48  Corruptor  
  83  7:49  Corruptor x2  
  83  7:51  Corruptor x2  
  89  7:55  Zerg Melee Weapons Level 2  
  89  7:56  Hydralisk Den  
  89  7:59  Corruptor  
  89  8:02  Overlord  
  89  8:05  Drone x2  
  93  8:07  Corruptor  
  95  8:15  Drone x3  
  95  8:16  Drone  
  95  8:18  Hatchery  
  98  8:22  Corruptor  
  98  8:27  Grooved Spines, Drone x6  
  100  8:28  Drone  
  100  8:30  Drone  
  106  8:47  Hydralisk x7  
  120  8:54  Drone x3  
  123  9:07  Drone  
  123  9:09  Extractor x2  
  122  9:11  Hydralisk x3  
  122  9:14  Overlord  
  127  9:18  Overlord  
  127  9:21  Overlord, Hatchery  
  127  9:23  Overlord  
  127  9:24  Drone  
  126  9:26  Drone x2  
  126  9:29  Drone x6  
  126  9:30  Drone  
  129  9:34  Drone x3  
  132  9:39  Infestation Pit  
  132  9:41  Muscular Augments  
  132  9:43  Hydralisk x3  
  132  9:44  Zergling x10  
  132  9:45  Zergling x2  
  143  9:48  Overseer  
  143  9:55  Overlord  
  143  10:00  Zergling x16  
  143  10:01  Zergling x8  
  155  10:08  Overlord x3  
  155  10:13  Overlord  
  155  10:15  Zerg Ground Armor Level 1  
  155  10:18  Hive  
  155  10:20  Zergling x20  
  165  10:25  Drone x4  
  165  10:28  Hydralisk x2  
  173  10:37  Hydralisk x3  
  173  10:42  Baneling x5  
  179  10:43  Baneling x3  
  179  10:51  Extractor  
  179  10:52  Drone x2  
  179  10:54  Drone  
  179  10:55  Extractor  
  180  11:07  Baneling  
  180  11:08  Baneling  
  180  11:10  Baneling x3  
  170  11:24  Centrifical Hooks  
  161  11:30  Extractor, Drone x2  
  161  11:32  Spore Crawler x2, Greater Spire  
  160  11:33  Adrenal Glands  
  160  11:35  Zergling x8  
  160  11:36  Zergling x6  
  160  11:37  Drone x4  
  160  11:38  Viper x2  
  177  11:50  Drone x2  
  177  11:53  Spore Crawler  
  177  11:54  Spore Crawler x2, Zergling x8  
  177  11:55  Zergling x12  
  177  11:59  Drone  
  187  12:05  Drone x2  
  187  12:06  Spine Crawler, Drone  
  187  12:07  Spine Crawler x2  
  187  12:21  Zerg Melee Weapons Level 3  
  187  12:25  Hatchery  
  185  12:30  Pneumatized Carapace  
  185  12:42  Drone x8  
  193  12:47  Brood Lord x2  
  193  12:48  Brood Lord  
  199  12:57  Overseer  
  199  12:59  Spore Crawler x2  
  197  13:08  Hatchery  
  197  13:10  Spine Crawler  
  197  13:11  Spine Crawler x2  
  197  13:12  Spine Crawler  
  192  13:13  Brood Lord  
  192  13:14  Brood Lord x3  
  192  13:19  Spore Crawler x2  
  198  13:28  Brood Lord  
  199  13:34  Zerg Flyer Weapons Level 2  
  199  13:45  Spire  
  198  13:54  Baneling x6  
  198  13:55  Baneling x8  
  192  14:13  Overseer  
  192  14:17  Zergling x14  
  183  14:18  Baneling x5  
  174  14:32  Corruptor x2  
  174  14:33  Corruptor x11  
  200  14:48  Spore Crawler x2  
  200  14:50  Spore Crawler x2  
  200  14:52  Spore Crawler x2  
  195  14:55  Drone x3  
  195  14:56  Corruptor  
  198  15:04  Spine Crawler  
  197  15:15  Extractor  
  197  15:18  Extractor  
  195  15:23  Spore Crawler  
  194  15:31  Drone x3  
  194  15:53  Corruptor  
  194  15:54  Corruptor x5  
  198  16:09  Zerg Flyer Armor Level 1, Zerg Flyer Weapons Level 3  
  190  16:24  Corruptor x8  
  196  16:39  Unknown x2  
  143  16:54  Zergling x28  
  141  17:00  Brood Lord x7  
  163  17:01  Corruptor  
  163  17:02  Corruptor x7  
  163  17:03  Hydralisk x7  
  163  17:04  Zergling x14  
  163  17:05  Overseer  
  200  17:23  Baneling  
  200  17:24  Baneling x14  
  187  17:49  Drone x4  
  184  17:54  Drone x3  
  184  17:55  Drone  
  184  17:58  Drone x2  
  189  18:03  Baneling x3  
  189  18:04  Zergling x20, Baneling  
  199  18:15  Baneling  
  194  18:29  Unknown  
  194  18:30  Unknown  
  131  18:41  Corruptor x9  
  131  18:42  Corruptor  
  131  18:45  Corruptor x4  
  153  18:49  Corruptor x3  
  154  19:01  Overlord, Overseer x2  
  154  19:02  Overseer  
  146  19:07  Hydralisk x9  
  146  19:08  Zergling x18  
  168  19:24  Brood Lord x2  
  170  19:27  Brood Lord x2  
  170  19:30  Hydralisk x9  
  194  19:35  Overseer x4  
  194  19:50  Overseer  
  194  19:59  Corruptor x4  
  198  20:11  Hatchery  
  174  20:39  Viper x2  
  178  20:49  Zergling x20  
  187  20:53  Overlord  
  187  20:54  Overlord  
  187  20:59  Overlord, Zerg Flyer Armor Level 2  
  187  21:23  Zergling x6  
  184  21:40  Spine Crawler  
  184  21:41  Spine Crawler  
  184  21:42  Spine Crawler  
  184  21:43  Spine Crawler  
  184  21:45  Spine Crawler  
  175  21:48  Zergling x18  
  175  21:50  Baneling x7  
  175  21:51  Baneling x5  
  175  21:53  Drone  
  186  21:57  Overlord  
  186  22:00  Overlord  
  182  22:02  Overlord  
  181  22:12  Spine Crawler  
  181  22:13  Spine Crawler  
  181  22:14  Spine Crawler  
  177  22:17  Spine Crawler  
  177  22:18  Corruptor x8  
  177  22:19  Corruptor  
  194  22:28  Baneling x6  
  194  22:29  Zergling x2, Baneling x4  
  195  22:31  Drone x4  
  189  23:01  Zergling x22  
  189  23:02  Zergling x2  
  198  23:19  Overlord  
  198  23:21  Baneling x3  
  198  23:22  Baneling  
  198  23:27  Baneling x7  
  197  23:44  Spore Crawler  
  197  23:45  Spore Crawler  
  195  23:51  Spore Crawler  
  195  23:52  Spore Crawler x2  
  195  23:53  Spore Crawler x2  
  188  24:06  Hatchery  
  188  24:08  Corruptor x3  
  193  24:10  Overlord  
  193  24:29  Drone  
  194  24:34  Zergling x2  
  194  24:35  Zergling x10  
  200  24:42  Brood Lord  
  200  24:43  Spore Crawler x2  
  195  25:14  Corruptor x2  
  159  25:42  Corruptor x16  
  171  25:56  Overlord  

Tags
 
Add a new tag
Caveats
  • Supply blocks, unpowered buildings, or Contaminate may cause inaccurate times.
  • Supply counts are checked every 10 seconds.